 Dungeon Crawl Stone Soup version 0.28.0-43-g3370ac3207 (webtiles) character file.

Game seed: 4916520832570249936

58 Ablot the Grasshopper (level 4, 0/38 HPs)
             Began as a Gnoll Warper on Mar 11, 2022.
             Succumbed to an adder's poison
             ... on level 2 of the Dungeon.
             The game lasted 00:02:10 (1683 turns).

Ablot the Grasshopper (Gnoll Warper)                Turns: 1683, Time: 00:02:10

Health: 0/38       AC:  5    Str: 12    XL:     4   Next: 2%
Magic:  11/11      EV: 13    Int: 13    God:
Gold:   23         SH:  0    Dex: 11    Spells: 11/13 levels left

rFire   + . .      SeeInvis .   a - +0 spear
rCold   + . .      Faith    .   (no shield)
rNeg    . . .      Spirit   .   o - +1 animal skin
rPois   +          Reflect  .   n - +0 helmet
rElec   +          Harm     .   (no cloak)
rCorr   +          Rampage  .   m - +0 pair of gloves
Will    .....                   (no boots)
Stlth   +.........              (no amulet)
HPRegen 0.12/turn               (no ring)
MPRegen 0.12/turn               (no ring)

@: lethally poisoned (0 -> -5), resistant, attractive
A: fangs 1, strong nose, distributed training
a: no special abilities


You were on level 2 of the Dungeon.
You visited 1 branch of the dungeon, and saw 2 of its levels.

You collected 23 gold pieces.

Inventory:

Hand Weapons
 a - a +0 spear (weapon)
Missiles
 d - 5 boomerangs of dispersal (quivered)
 f - 45 arrows
 g - 59 stones
Armour
 m - a +0 pair of gloves (worn)
 n - a +0 helmet (worn)
 o - a +1 animal skin (worn)
Scrolls
 c - 3 scrolls of blinking
 h - 2 scrolls of identify {unknown}
 k - 3 scrolls of brand weapon {unknown}
 l - a scroll of fear {unknown}
Potions
 e - a potion of berserk rage {unknown}
 i - a potion of attraction


   Skills:
 + Level 4.6 Fighting
 + Level 1.0 Short Blades
 + Level 1.0 Long Blades
 + Level 1.0 Axes
 + Level 1.0 Maces & Flails
 + Level 4.6 Polearms
 + Level 1.0 Staves
 + Level 1.0 Slings
 + Level 1.0 Bows
 + Level 1.0 Crossbows
 + Level 2.7 Throwing
 + Level 2.7 Armour
 + Level 4.6 Dodging
 + Level 1.0 Stealth
 + Level 1.0 Shields
 + Level 1.0 Unarmed Combat
 + Level 5.0 Spellcasting
 + Level 0.7 Conjurations
 + Level 0.7 Hexes
 + Level 0.7 Summonings
 + Level 0.7 Necromancy
 + Level 5.4 Translocations
 + Level 0.7 Transmutations
 + Level 0.7 Fire Magic
 + Level 0.7 Ice Magic
 + Level 0.7 Air Magic
 + Level 0.7 Earth Magic
 + Level 0.7 Poison Magic
 + Level 1.1 Invocations
 + Level 1.0 Evocations


You had 11 spell levels left.
You knew the following spells:

 Your Spells              Type           Power      Damage    Failure   Level
a - Blink                 Tloc           34%        N/A       3%          2

Your spell library contained the following spells:

 Spells                   Type           Power      Damage    Failure   Level
 Gell's Gravitas          Tloc           17%        N/A       6%          3
 Lesser Beckoning         Tloc           17%        N/A       6%          3
 Teleport Other           Tloc           17%        N/A       6%          3
 Manifold Assault         Tloc           17%        N/A       50%         5


Dungeon Overview and Level Annotations

Branches:
Dungeon (2/15)

Altars:


Innate Abilities, Weirdness & Mutations

You have very sharp teeth.
Your uncanny sense of smell can sniff out nearby items.
Your experience applies equally to all skills.


Message History

Your Crossbows skill increases to level 1!
Your Stealth skill increases to level 1!
Your Shields skill increases to level 1!
Your Unarmed Combat skill increases to level 1!
Your Evocations skill increases to level 1!
You have reached level 4!
You feel clever.
Reach: a) +0 spear
Press: ? - help, Dir - move target, f - adder
Aim: an adder (about 54% to evade your +0 spear)
You reach to attack!
You hit the adder.
The adder is moderately wounded.
Unknown command.
You hit the adder.
The adder is moderately wounded.
The adder bites you.
You are poisoned.
The adder poisons you! The adder barely misses you.
The gnoll barely misses you.
You barely miss the adder. Your bite misses the adder.
The adder is moderately wounded.
You feel sick. The adder bites you.
* * * LOW HITPOINT WARNING * * *
You are lethally poisoned!
The adder poisons you!
Unknown command.
* * * LOW HITPOINT WARNING * * *
You feel sick.
* * * LOW HITPOINT WARNING * * *
You feel sick.
It was a potion of attraction.
You feel attractive to monsters.
* * * LOW HITPOINT WARNING * * *
You feel sick. The adder misses you. The adder bites you.
* * * LOW HITPOINT WARNING * * *
The gnoll misses you.
Unknown command.
It was a potion of resistance.
You feel protected.
You die...

.........##.######...##
...#####......# ##<...
.. ###..#>#.####...##
#. #............)#.#
#.. #.##.#.#.####...#
#..## #.##.....# ##.##
##.... #.##...### #.#
..... #.##..## ##.##
#.#..#####@##..#
####...## #.....)†gS.#
..# #...g....
###..####### ..#
#g##...## #.. #.###.###
#.. #g# #.### g.. #.#
#.##. #g.. #g# #....
#b.. .g.g# #g# ####.
#... .#g# #.# ##


You could see a gnoll and an adder.

Vanquished Creatures
  Robin (D:1)
  2 gnolls (D:2)
  2 giant cockroaches (D:2)
  8 goblins
  5 hobgoblins
  A quokka (D:2)
  4 bats
  A frilled lizard (D:1)
  A kobold (D:2)
  4 rats
29 creatures vanquished.

Vanquished Creatures (others)
  A plant (D:2)
1 creature vanquished.

Grand Total: 30 creatures vanquished

Notes
Turn   | Place    | Note
-------+----------+-------------------------------------------
     0 | D:1      | Ablot the Gnoll Warper began the quest for the Orb.
     0 | D:1      | Reached XP level 1. HP: 20/20 MP: 6/6
   282 | D:1      | Reached XP level 2. HP: 19/26 MP: 7/7
   285 | D:1      | Learned a level 2 spell: Blink
   673 | D:2      | Found a faded altar of an unknown god.
   814 | D:2      | Noticed Robin
  1155 | D:1      | Reached XP level 3. HP: 27/31 MP: 9/9
  1168 | D:1      | Killed Robin
  1169 | D:1      | Reached skill level 5 in Spellcasting
  1593 | D:2      | Reached skill level 1 in Invocations
  1677 | D:2      | Reached skill level 1 in Short Blades
  1677 | D:2      | Reached skill level 1 in Long Blades
  1677 | D:2      | Reached skill level 1 in Axes
  1677 | D:2      | Reached skill level 1 in Maces & Flails
  1677 | D:2      | Reached skill level 1 in Staves
  1677 | D:2      | Reached skill level 1 in Slings
  1677 | D:2      | Reached skill level 1 in Bows
  1677 | D:2      | Reached skill level 1 in Crossbows
  1677 | D:2      | Reached skill level 1 in Stealth
  1677 | D:2      | Reached skill level 1 in Shields
  1677 | D:2      | Reached skill level 1 in Unarmed Combat
  1677 | D:2      | Reached skill level 1 in Evocations
  1677 | D:2      | Reached XP level 4. HP: 13/38 MP: 11/11
  1682 | D:2      | HP: 1/38 [adder (2)]
  1683 | D:2      | Succumbed to an adder's poison

Illustrated notes

Levels and vault maps discovered:
D:1:      beargit_arrival_greenhouse, layout_basic, minmay_pentomino_v4
D:2:      layout_loops_ring, shapermc_ecumenical_altar_mp_highgroup,
          corexii_shack, uniq_robin, uniq_natasha

Skill      XL: |  1  2  3 |
---------------+----------+-----
Spellcasting   | 5 |  5.0
Invocations    | 1 |  1.1
Short Blades   | 1 |  1.0
Long Blades    | 1 |  1.0
Axes           | 1 |  1.0
Maces & Flails | 1 |  1.0
Staves         | 1 |  1.0
Slings         | 1 |  1.0
Bows           | 1 |  1.0
Crossbows      | 1 |  1.0
Stealth        | 1 |  1.0
Shields        | 1 |  1.0
Unarmed Combat | 1 |  1.0
Evocations     | 1 |  1.0
Fighting       | |  4.6
Polearms       | |  4.6
Throwing       | |  2.7
Armour         | |  2.7
Dodging        | |  4.6
Conjurations   | |  0.7
Hexes          | |  0.7
Summonings     | |  0.7
Necromancy     | |  0.7
Translocations | |  5.4
Transmutations | |  0.7
Fire Magic     | |  0.7
Ice Magic      | |  0.7
Air Magic      | |  0.7
Earth Magic    | |  0.7
Poison Magic   | |  0.7

Action                   |  1- 3 |  4- 6 || total
-------------------------+-------+-------++-------
Melee: Spear             |   111 |     3 ||   114
       Bite              |     6 |       ||     6
       Punch             |     2 |       ||     2
  Use: Potion            |       |     2 ||     2
 Stab: Sleeping          |     1 |       ||     1
Armor: Leather armour    |    20 |       ||    20
       Animal skin       |     6 |       ||     6
Dodge: Dodged            |    68 |     4 ||    72
